 Dungeon Crawl Stone Soup version 0.28.0-43-g3370ac3207 (console) character file.

Game seed: 2003447385100313496

77 Zeor the Cudgeller (level 4, -5/29 HPs)
             Began as a Gargoyle Monk on Mar 26, 2022.
             Killed by an exploding gnoll (21 damage)
             ... ignited by their inner flame
             ... on level 2 of the Dungeon.
             The game lasted 00:04:01 (2881 turns).

Zeor the Cudgeller (Gargoyle Monk)                  Turns: 2881, Time: 00:04:02

Health: -5/29      AC: 11    Str: 15 (16) XL:     4   Next: 34%
Magic:  4/4        EV:  6    Int:  9 (11) God:
Gold:   46         SH:  0    Dex:  9 (12) Spells: 3/3 levels left

rFire   . . .      SeeInvis .   a - +0 mace
rCold   + . .      Faith    .   (no shield)
rNeg    + . .      Spirit   .   b - +0 chain mail
rPois   ∞          Reflect  .   (no helmet)
rElec   +          Harm     .   (no cloak)
rCorr   .          Rampage  .   (no gloves)
Will    .....                   (no boots)
Stlth   ..........              (no amulet)
HPRegen 0.09/turn               e - ring of protection from cold
MPRegen 0.09/turn               (no ring)

@: no status effects
A: sickness immunity, AC +3, negative energy resistance 1, electricity
resistance, torment resistance 1, petrification resistance
a: no special abilities


You were on level 2 of the Dungeon.
You visited 1 branch of the dungeon, and saw 2 of its levels.

You collected 46 gold pieces.

Inventory:

Hand Weapons
 a - a +0 mace (weapon)
Armour
 b - a +0 chain mail (worn)
Jewellery
 e - a ring of protection from cold (left hand)
Scrolls
 c - a scroll of fog
 d - a scroll of immolation
 f - a scroll of amnesia


   Skills:
 + Level 3.7 Fighting
 * Level 4.2 Maces & Flails
 + Level 0.1 Armour
 + Level 2.9 Dodging
 - Level 2.3 Stealth


You had 3 spell levels left.
You didn't know any spells.
Your spell library was empty.

Dungeon Overview and Level Annotations

Branches:
Dungeon (2/15)

Altars:


Innate Abilities, Weirdness & Mutations

You are immune to sickness and miasma.
Your stone body is resilient. (AC +3)
You are immune to poison.
You resist negative energy. (rN+)
You are resistant to electric shocks. (rElec)
You are resistant to unholy torment.
You are immune to petrification.


Message History

The giant cockroach bites you but does no damage.
You closely miss the giant cockroach. The giant cockroach barely misses you.
A gnoll comes into view. It is wielding a +0 whip.
You hit the giant cockroach.
The giant cockroach is severely wounded.
The giant cockroach bites you but does no damage. x2
You hit the giant cockroach.
The giant cockroach is almost dead.
The giant cockroach barely misses you.
You closely miss the giant cockroach.
The giant cockroach is almost dead.
The giant cockroach bites you but does no damage.
A gnoll comes into view. It is wielding a +0 whip.
The giant cockroach bites you but does no damage.
The gnoll barely misses you.
The giant cockroach bites you but does no damage.
You hit the giant cockroach.
You kill the giant cockroach!
It was a potion of degeneration.
There was something very wrong with that liquid.
You feel weakened.
You feel dopey.
You feel clumsy. The gnoll hits you with a +0 club.
You drop a potion of degeneration.
The gnoll hits you with a +0 club.
You barely miss the gnoll. The gnoll hits you but does no damage.
You hit the gnoll.
The gnoll is moderately wounded.
The gnoll hits you with a +0 club.
Okay, then.
Really read the scroll of immolation?
As you read the scroll of immolation, it crumbles to dust.
The creatures around you are filled with an inner flame!
The gnoll shouts!
The gnoll hits you with a +0 club.
You hit the gnoll.
Flame seeps out of the gnoll.
The gnoll is moderately wounded.
The gnoll is engulfed in blazing flames.
The gnoll explodes!
The fiery explosion engulfs the gnoll!!
The fiery explosion engulfs you!!
Ouch! That really hurt!
You die...

▒∙▒∙∙∙$∙∙▒∙▒∙∙∙
∙∙▒∙▒∙∙$∙∙∙▒∙▒ ∙
▒∙∙∙∙∙∙∙∙▒∙∙∙▒ ▒∙▒
▒∙▒∙▒▒∙▒∙▒∙▒∙▒▒∙∙
∙∙∙∙∙∙∙∙∙∙▒∙∙∙
▒∙▒▒▒)▒▒∙▒∙▒∙▒ ∙▒
∙∙∙∙∙∙∙∙∙∙∙##▒ ∙▒▒
▒▒∙▒▒▒∙▒▒∙▒○▒ ∙∙
▒▒▒▒∙▒▒▒∙▒▒∙▒9▒▒∙∙ ▒
∙∙∙∙∙∙∙∙∙∙∙∙∙∙∙∙∙▒ ▒
▒∙▒▒▒∙[∙▒▒▒▒▒▒▒∙▒▒▒∙▒
▒ ▒∙∙
▒∙∙∙∙∙▒▒▒▒▒▒∙∙∙∙∙▒∙ ▒
▒∙▒
▒∙▒▒▒∙∙∙)∙∙∙∙∙∙∙∙∙∙ ▒
▒∙▒ ▒∙
▒∙∙∙∙∙∙∙∙▒▒▒∙▒∙ ▒ ▒∙▒
▒∙▒▒▒∙∙▒▒▒∙∙∙▒ ▒▒▒∙▒▒
▒∙∙∙∙∙∙▒ ▒∙∙∙▒
▒▒∙∙∙▒▒▒▒▒∙▒∙∙∙▒▒∙∙∙▒


There were no monsters in sight!

Vanquished Creatures
  2 gnolls (D:2)
  2 adders (D:2)
  3 worms (D:2)
  2 dart slugs
  3 endoplasms
  2 giant cockroaches (D:2)
  A goblin (D:1)
  4 hobgoblins (D:1)
  13 kobolds
  4 quokkas (D:1)
  2 ball pythons (D:1)
  2 bats (D:1)
  5 frilled lizards (D:1)
  4 rats
49 creatures vanquished.

Vanquished Creatures (others)
  18 plants (D:1)
18 creatures vanquished.

Grand Total: 67 creatures vanquished

Notes
Turn   | Place    | Note
-------+----------+-------------------------------------------
     0 | D:1      | Zeor the Gargoyle Monk began the quest for the Orb.
     0 | D:1      | Reached XP level 1. HP: 14/14 MP: 1/1
     4 | D:1      | Found a faded altar of an unknown god.
   520 | D:1      | Reached XP level 2. HP: 15/19 MP: 2/2
  1173 | D:1      | Reached XP level 3. HP: 4/23 MP: 3/3
  2367 | D:2      | Reached skill level 4 in Maces & Flails
  2367 | D:2      | Reached XP level 4. HP: 26/29 MP: 4/4
  2881 | D:2      | Killed by an exploding gnoll... ignited by their inner
                  | flame

Illustrated notes

Levels and vault maps discovered:
D:1:      dpeg_arrival_radiant, layout_loops_cross, basic_ecumenical_altar,
          chequers_serial_rivers_micro_e, lexackson_kobold_supper
D:2:      layout_loops_ring, minmay_diced_spiral

Skill      XL: |  1  2  3 |
---------------+----------+-----
Maces & Flails | 4 |  4.2
Fighting       | |  3.7
Armour         | |  0.1
Dodging        | |  2.9
Stealth        | |  2.3

Action                   |  1- 3 |  4- 6 || total
-------------------------+-------+-------++-------
Melee: Mace              |   138 |    32 ||   170
  Use: Scroll            |     3 |     1 ||     4
       Potion            |       |     1 ||     1
 Stab: Sleeping          |     2 |       ||     2
       Distracted        |     1 |       ||     1
Armor: Robe              |    33 |       ||    33
       Ring mail         |    13 |     1 ||    14
       Chain mail        |       |     8 ||     8
Dodge: Dodged            |    79 |    10 ||    89
